 Dungeon Crawl Stone Soup version bcrawl-1.31 (webtiles) character file.

Game seed: 4534264055522723085

110115 Morbidden the Ducker (level 5, 16/32 HPs)
             Began as an Avariel Archaeologist on Apr 3, 2021.
             Quit the game on level 3 of the Dungeon.
             The game lasted 00:05:57 (3031 turns).

Morbidden the Ducker (Avariel Archaeologist)        Turns: 3031, Time: 00:05:57

Health: 16/32      AC:  6    Str:  9    XL:     5   Next: 6%
Magic:  9/9        EV: 13    Int: 21    God:
Gold:   80         SH:  0    Dex: 11    Spells: 7/7 levels left

rFire    + . .     SeeInvis .   a - +0 dagger
rCold    . . .     Gourm    .   (no shield)
rNeg     + . .     Faith    .   s - +1 robe {rN+}
rPois    .         Spirit   .   d - +1 hat
rElec    .         Reflect  .   (no cloak)
rCorr    .         Harm     .   (no gloves)
MR       .....                  j - +1 pair of boots
Stlth    ++........             (no amulet)
HPRegen  0.10/turn              n - ring of protection from fire
MPRegen  0.11/turn              (no ring)

@: lethally poisoned (16 -> -20)
A: no striking features
a: no special abilities


You were on level 3 of the Dungeon.
You were hungry.

You visited 1 branch of the dungeon, and saw 3 of its levels.

You collected 80 gold pieces.

Inventory:

Hand Weapons
 a - a +0 dagger (weapon)
 b - a +0 blowgun
Missiles
 f - 4 curare-tipped needles
 k - 125 poisoned needles
Armour
 d - a +1 hat (worn)
 j - a +1 pair of boots (worn)
 s - a +1 robe of positive energy (worn)
Jewellery
 n - a ring of protection from fire (left hand)
Scrolls
 g - a scroll of magic mapping
 i - 2 scrolls of identify
 o - a scroll of immolation {unknown}
 q - a scroll of teleportation {unknown}
 u - a scroll of remove curse {unknown}
Potions
 c - a potion of agility
 l - a potion of flight {unknown}
 p - a potion of might {unknown}
 r - a potion of ambrosia {unknown}
Comestibles
 e - 5 rations {!d}


   Skills:
 * Level 2.9 Fighting
 + Level 0.7 Short Blades
   Level 0.7 Maces & Flails
 + Level 4.2 Dodging
 + Level 3.6 Stealth
 * Level 1.7 Spellcasting


You had 7 spell levels left.
You didn't know any spells.
Your spell library was empty.

Dungeon Overview and Level Annotations

Branches:
Dungeon (3/12)

Altars:
Kikubaaqudgha
Okawaru
Sif Muna

Annotations:
D:3 Robin


Message History

A: +3 longbow of the People {venom, *Drain Str+3 SInv} B: +0 pair of gloves of strength; C: ring "Cuqonla" {rPois SInv} D: manual of Staves; E: staff of poison; F: wand of acid (16); G: 9 rations H: 1065 gold pieces No such item.
Acquire which item? (Press ! for descriptions.) A: +3 longbow of the People {venom, *Drain Str+3 SInv} B: +0 pair of gloves of strength; C: ring "Cuqonla" {rPois SInv} D: manual of Staves; E: staff of poison; F: wand of acid (16); G: 9 rations H: 1065 gold pieces This will waste the scroll!
Really cancel your acquirement? (Y/N) Acquire which item? (Press ! for descriptions.) A: +3 longbow of the People {venom, *Drain Str+3 SInv} B: +0 pair of gloves of strength; C: ring "Cuqonla" {rPois SInv} D: manual of Staves; E: staff of poison; F: wand of acid (16); G: 9 rations H: 1065 gold pieces This will waste the scroll!
Really cancel your acquirement? (Y/N) Cancelling acquirement.
You feel sick. Something hits you.
You are more poisoned.
Are you sure you want to abandon this character and quit the game? (Confirm with "yes".)

#....#.##.....##.######.#.#
#######....#.#.......#......g...#
.............#.......#..........#
#######....#..).._...(..#..###.##
.......####..#.......#.##........
######.####..#.......#.##...##.##
####.........##.....##.##.#.#...#
#......####..####.####.##.#.....#
#...<..# #....{@.)....##.#......
#.....### ########.#.#.##.#..##.#
.......... .# #.##.#.....#
.######### #.##..#.# .# #........
.# ##### .#. .# .... ## #..#


There were no monsters in sight!

Vanquished Creatures
  An orc priest (D:3)
  3 adders (D:3)
  An ooze (D:2)
  2 worms (D:2)
  A dart slug (D:2)
  4 leopard geckos
  An orc (D:3)
  A giant cockroach (D:1)
  6 hobgoblins
  6 kobolds
  3 bats
  3 frilled lizards
  15 goblins
  2 rats (D:3)
49 creatures vanquished.

Notes
Turn   | Place    | Note
-------+----------+-------------------------------------------
     0 | D:1      | Morbidden the Avariel Archaeologist began the quest for the
                  | Orb.
     0 | D:1      | Reached XP level 1. HP: 11/11 MP: 3/3
   209 | D:1      | Reached skill level 1 in Fighting
   209 | D:1      | Reached XP level 2. HP: 10/16 MP: 4/4
   854 | D:1      | Reached XP level 3. HP: 19/20 MP: 5/5
  1414 | D:2      | Found an ancient bone altar of Kikubaaqudgha.
  1462 | D:2      | Reached skill level 4 in Dodging
  1545 | D:2      | Reached skill level 1 in Spellcasting
  1953 | D:2      | Found a faded altar of an unknown god.
  2332 | D:3      | Found an iron altar of Okawaru.
  2347 | D:3      | Identified the cursed +0 helmet "Fanoymay" {rPois rC+ Str+3
                  | Stlth+}
  2347 | D:3      | Noticed Robin
  2385 | D:3      | Reached XP level 4. HP: 16/26 MP: 7/7
  2514 | D:3      | Found a shimmering blue altar of Sif Muna.
  3013 | D:3      | Reached XP level 5. HP: 32/32 MP: 9/9
  3013 | D:3      | Identified a scroll of acquirement
  3030 | D:3      | Identified the +3 longbow of the People {venom, *Drain
                  | Str+3 SInv} (You acquired it on level 3 of the Dungeon)
  3030 | D:3      | Identified the ring "Cuqonla" {rPois SInv} (You acquired it
                  | on level 3 of the Dungeon)
  3031 | D:3      | Quit the game

Skill      XL: |  1  2  3 |
---------------+----------+-----
Fighting       | 1 2 |  2.9
Dodging        | 4 |  4.2
Spellcasting   | 1 |  1.7
Short Blades   | |  0.7
Maces & Flails | |  0.7
Stealth        | |  3.6

Action                   |  1- 3 |  4- 6 || total
-------------------------+-------+-------++-------
Melee: Dagger            |   217 |    23 ||   240
       Whip              |    13 |       ||    13
 Fire: Blowgun           |    37 |    41 ||    78
  Use: Scroll            |     3 |     1 ||     4
       Potion            |       |     3 ||     3
 Stab: Sleeping          |     2 |       ||     2
  Eat: Chunk             |     7 |     4 ||    11
       Ration            |     1 |       ||     1
Armor: Robe              |    68 |    18 ||    86
Dodge: Dodged            |   159 |    35 ||   194
